Map: Ephemeron LE

Players

Harstem

  • Race: Protoss Protoss
  • Spawn Location: 11:00

PappiJoe - Winner!

  • Race: Protoss Protoss
  • Spawn Location: 5:00

VOD

Have the link to the VOD?

Description

Time

  • Played on: Sept. 6, 2019, 12:43 p.m.
  • Length: 3:32
Show
View Real Time Build Order
Export as new Build Order

Harstem Protoss 

Build Orders:  

Get SALT Encoding   

  12  0:00  Probe  
  13  0:13  Probe  
  14  0:18  Pylon  
  14  0:24  Probe  
  15  0:32  Probe  
  15  0:38  Gateway  
  15  0:40  Probe  
  17  0:50  Assimilator  
  17  0:51  Probe  
  18  0:59  Assimilator  
  18  1:03  Probe  
  19  1:17  Probe  
  20  1:27  Zealot  
  22  1:33  Cybernetics Core  
  22  1:36  Pylon  
  22  1:44  Probe  
  23  1:56  Probe  
  24  2:03  Stalker  
  27  2:18  Shield Battery  
  27  2:19  Shield Battery  
  26  2:30  Pylon  
  26  2:32  Probe  
  24  2:41  Pylon  
  24  2:48  Pylon  
  24  2:51  Shield Battery  
  24  2:58  Stalker  
  26  3:09  Shield Battery  
Show
View Real Time Build Order
Export as new Build Order

PappiJoe Protoss - Winner!

Build Orders:  

Get SALT Encoding   

  12  0:00  Probe  
  13  0:13  Probe  
  14  0:25  Probe  
  15  0:37  Pylon  
  15  0:56  Gateway x2  
  15  1:03  Pylon  
  15  1:10  Gateway  
  15  1:22  Gateway  
  14  1:35  Zealot x2  
  18  1:54  Zealot  
  19  2:02  Zealot  
  19  2:03  Zealot  
  23  2:15  Zealot  
  23  2:20  Zealot  
  25  2:29  Zealot  
  29  2:33  Zealot  
  27  2:43  Zealot  
  29  2:49  Zealot  
  31  3:03  Zealot  
Tags
 
Add a new tag
Caveats
  • Supply blocks, unpowered buildings, or Contaminate may cause inaccurate times.
  • Supply counts are checked every 10 seconds.